APP
OGDEN RAPTORS @ BILLINGS MUSTANGS
07/26/2049
 
TOP OF THE 1ST
Ogden Raptors batting - Pitching for Billings Mustangs : RHP Josh Early
Pitching: RHP Josh Early
Batting: SHB Javy Franco 0-0: Ball
1-0: Ball
2-0: Ball
3-0: Called Strike
3-1: Base on Balls
Batting: SHB Erick Hamburger 0-0: Ball
1-0: Ball
Javy Franco steals 2nd base
2-0: Ball
3-0: Base on Balls
Batting: RHB Juan Gallegos 0-0: Ball
1-0: Ball
2-0: Ball
3-0: Base on Balls
Javy Franco to third
Erick Hamburger to second
Batting: LHB Pedro Garza 0-0: Called Strike
0-1: Foul Ball, location: 2F
0-2: Foul Ball, location: 2F
0-2: Foul Ball, location: 2F
0-2: Ball
1-2: Ball
2-2: Foul Ball, location: 2F
2-2: Strikes out swinging
Batting: RHB Felipe Rivera 0-0: Ball
1-0: Ball
2-0: Foul Ball, location: 2F
2-1: GRAND SLAM HOME RUN (Flyball, 7LD, EV 92.5 MPH), Distance : 342 ft
Batting: LHB Fernão Manta 0-0: Ball
1-0: Called Strike
1-1: Ball
2-1: SINGLE (Flyball, 9S, EV 84.4 MPH)
Batting: RHB Brad Brady 0-0: Ball
1-0: Ball
2-0: Foul Ball, location: 2F
2-1: Foul Ball, location: 2F
2-2: DOUBLE (Line Drive, 8LXD, EV 106.9 MPH)
Fernão Manta to third
Batting: SHB Alex Noval 0-0: Ball
1-0: SINGLE (Line Drive, 9S, EV 105.6 MPH)
Fernão Manta scores
Brad Brady to third
Runner from 3rd tries for Home, SAFE, throw by RF to home
Pitching: RHP Jeff Buchanan
Batting: RHB Gaylord Wray 0-0: Fielders Choice at 2nd, 6-4 (Groundball, 6, EV 96.2 MPH)
Batting: SHB Javy Franco 0-0: Fly out, F5 (Popup, 5SF, EV 85.6 MPH)
Top of the 1st over - 6 runs, 4 hits, 0 errors, 1 left on base; Ogden 6 - Billings 0
BOTTOM OF THE 1ST
Billings Mustangs batting - Pitching for Ogden Raptors : LHP Adrian Huerta
Pitching: LHP Adrian Huerta
Batting: LHB Clint Hanninen 0-0: Called Strike
0-1: Ball
1-1: Foul Ball, location: 2F
1-2: Fly out, F9 (Line Drive, 89D, EV 89.4 MPH)
Batting: RHB Will Trudeau 0-0: Foul Ball, location: 2F
0-1: Fly out, F2 (Popup, 25F, EV 89.4 MPH)
Batting: LHB Armando Arellano 0-0: Called Strike
0-1: Foul Ball, location: 2F
0-2: SINGLE (Groundball, 4D, EV 94.4 MPH)
Batting: RHB Juan Oliveros 0-0: DOUBLE (Line Drive, 5D, EV 95.0 MPH)
Armando Arellano to third
Runner from 3rd tries for Home, SAFE, no throw by LF
Batting: RHB Alex Nagera 0-0: Ball
1-0: Ball
2-0: 2-RUN HOME RUN (Flyball, 89XD, EV 111.2 MPH), Distance : 408 ft
Batting: SHB Sal Esparza 0-0: Swinging Strike
0-1: Foul Ball, location: 2F
0-2: Ball
1-2: Strikes out swinging
Bottom of the 1st over - 3 runs, 3 hits, 0 errors, 0 left on base; Ogden 6 - Billings 3
TOP OF THE 2ND
Ogden Raptors batting - Pitching for Billings Mustangs : RHP Jeff Buchanan
Batting: SHB Erick Hamburger 0-0: Ball
1-0: Foul Ball, location: 2F
1-1: Ball
2-1: Swinging Strike
2-2: Foul Ball, location: 2F
2-2: Ball
3-2: Base on Balls
Batting: RHB Juan Gallegos 0-0: Called Strike
Erick Hamburger is caught stealing 2nd base 2-4
0-1: Ball
1-1: Swinging Strike
1-2: Strikes out looking
Batting: LHB Pedro Garza 0-0: Ball
1-0: Ball
2-0: Ball
3-0: Base on Balls
Batting: RHB Felipe Rivera 0-0: Ball
1-0: Ball
2-0: SINGLE (Line Drive, 9S, EV 100.0 MPH)
Pedro Garza to second
Runner from 2nd tries for 3rd, SAFE, throw by RF made to third
Batting: LHB Fernão Manta 0-0: Ball
1-0: Called Strike
1-1: Swinging Strike
1-2: Strikes out swinging
Top of the 2nd over - 0 runs, 1 hit, 0 errors, 2 left on base; Ogden 6 - Billings 3
BOTTOM OF THE 2ND
Billings Mustangs batting - Pitching for Ogden Raptors : LHP Adrian Huerta
Batting: RHB Ruben Cantu 0-0: Ball
1-0: Ground out 5-3 (Groundball, 56, EV 96.2 MPH)
Batting: RHB Jimmy Geddes 0-0: Swinging Strike
0-1: Ball
1-1: SINGLE (Flyball, 6MD, EV 86.2 MPH)
Batting: SHB Gustavo Froio 0-0: Foul Ball, location: 2F
0-1: Foul Ball, location: 2F
0-2: Fielders Choice at 2nd, 5-4 (Groundball, 56, EV 104.4 MPH)
Batting: LHB Clint Hanninen 0-0: Ball
1-0: Ball
2-0: Ball
Wild Pitch!
Gustavo Froio to second
3-0: Called Strike
3-1: Base on Balls
Batting: RHB Will Trudeau 0-0: Called Strike
0-1: Called Strike
0-2: Ball
1-2: Strikes out swinging
Bottom of the 2nd over - 0 runs, 1 hit, 0 errors, 2 left on base; Ogden 6 - Billings 3
TOP OF THE 3RD
Ogden Raptors batting - Pitching for Billings Mustangs : RHP Jeff Buchanan
Pitching: RHP Roger Whitaker
Batting: RHB Brad Brady 0-0: Called Strike
0-1: Foul Ball, location: 2F
0-2: Ball
1-2: Fly out, F8 (Flyball, 8LS, EV 88.8 MPH)
Batting: SHB Alex Noval 0-0: Ball
1-0: Foul Ball, location: 2F
1-1: Called Strike
1-2: Foul Ball, location: 2F
1-2: Ball
2-2: Strikes out swinging
Batting: RHB Gaylord Wray 0-0: Foul Ball, location: 2F
0-1: Foul Ball, location: 2F
0-2: Ball
1-2: Ball
2-2: Ball
3-2: Strikes out looking
Top of the 3rd over - 0 runs, 0 hits, 0 errors, 0 left on base; Ogden 6 - Billings 3
BOTTOM OF THE 3RD
Billings Mustangs batting - Pitching for Ogden Raptors : LHP Adrian Huerta
Batting: LHB Armando Arellano 0-0: Called Strike
0-1: Ball
1-1: Ball
2-1: Ball
3-1: Base on Balls
Batting: RHB Juan Oliveros 0-0: Ball
1-0: Called Strike
1-1: Ball
2-1: Foul Ball, location: 2F
2-2: Foul Ball, location: 2F
2-2: Foul Ball, location: 2F
2-2: Foul Ball, location: 2F
2-2: Ball
3-2: Base on Balls
Armando Arellano to second
Batting: RHB Alex Nagera 0-0: Grounds into double play, 6-4-3 (Groundball, 6, EV 96.2 MPH)
Armando Arellano to third
Batting: SHB Sal Esparza 0-0: Foul Ball, location: 2F
0-1: Swinging Strike
0-2: Ground out 6-3 (Groundball, 6, EV 103.1 MPH)
Bottom of the 3rd over - 0 runs, 0 hits, 0 errors, 1 left on base; Ogden 6 - Billings 3
TOP OF THE 4TH
Ogden Raptors batting - Pitching for Billings Mustangs : RHP Roger Whitaker
Batting: SHB Javy Franco 0-0: Ground out U3 (Groundball, 34, EV 100.0 MPH)
Batting: SHB Erick Hamburger 0-0: Ball
1-0: Foul Ball, location: 2F
1-1: Called Strike
1-2: Ball
2-2: Ball
3-2: Base on Balls
Batting: RHB Juan Gallegos 0-0: Called Strike
0-1: Ball
1-1: Called Strike
Erick Hamburger steals 2nd base
1-2: SINGLE (Groundball, 15S, EV 64.4 MPH) (infield hit)
Erick Hamburger to third
Batting: LHB Pedro Garza 0-0: Called Strike
0-1: Ball
1-1: Foul Ball, location: 2F
1-2: Foul Ball, location: 2F
1-2: Ball
2-2: Foul Ball, location: 2F
2-2: Ball
3-2: Fly out, F9 (Flyball, 89M, EV 92.5 MPH)
Batting: RHB Felipe Rivera 0-0: Ball
1-0: Ball
2-0: Ball
3-0: Called Strike
3-1: Called Strike
3-2: Strikes out swinging
Top of the 4th over - 0 runs, 1 hit, 0 errors, 2 left on base; Ogden 6 - Billings 3
BOTTOM OF THE 4TH
Billings Mustangs batting - Pitching for Ogden Raptors : LHP Adrian Huerta
Batting: RHB Ruben Cantu 0-0: Ball
1-0: Ball
2-0: SINGLE (Groundball, 56D, EV 99.4 MPH)
Batting: RHB Jimmy Geddes 0-0: Called Strike
0-1: Called Strike
0-2: Ball
1-2: Strikes out swinging
Batting: SHB Gustavo Froio 0-0: Ball
1-0: Called Strike
1-1: Hit by Pitch
Ruben Cantu to second
Batting: LHB Clint Hanninen 0-0: Called Strike
0-1: DOUBLE (Line Drive, 89M, EV 102.5 MPH)
Ruben Cantu scores
Gustavo Froio to third
Batting: RHB Will Trudeau 0-0: Called Strike
0-1: Ball
1-1: 3-RUN HOME RUN (Line Drive, 7D, EV 96.2 MPH), Distance : 367 ft
Pitching: RHP Francisco Guzman
Batting: LHB Armando Arellano 0-0: Called Strike
0-1: Foul Ball, location: 2F
0-2: Ball
1-2: Ball
2-2: DOUBLE (Line Drive, 3D, EV 107.5 MPH)
Batting: RHB Juan Oliveros 0-0: Ball
1-0: Called Strike
1-1: Ball
2-1: Swinging Strike
2-2: Strikes out swinging
Batting: RHB Alex Nagera 0-0: Called Strike
0-1: Ball
1-1: Swinging Strike
1-2: Strikes out swinging
Bottom of the 4th over - 4 runs, 4 hits, 0 errors, 1 left on base; Ogden 6 - Billings 7
TOP OF THE 5TH
Ogden Raptors batting - Pitching for Billings Mustangs : RHP Roger Whitaker
Pitching: RHP Finlay Clamp
Batting: LHB Fernão Manta 0-0: Ball
1-0: Ball
2-0: Ball
3-0: Called Strike
3-1: Swinging Strike
3-2: Strikes out swinging
Batting: RHB Brad Brady 0-0: Foul Ball, location: 2F
0-1: Swinging Strike
0-2: Ball
1-2: Strikes out looking
Batting: SHB Alex Noval 0-0: Fly out, F8 (Flyball, 8LXD, EV 91.2 MPH)
Top of the 5th over - 0 runs, 0 hits, 0 errors, 0 left on base; Ogden 6 - Billings 7
BOTTOM OF THE 5TH
Billings Mustangs batting - Pitching for Ogden Raptors : RHP Francisco Guzman
Batting: SHB Sal Esparza 0-0: Ball
1-0: Ball
2-0: Ground out 4-3 (Groundball, 4, EV 78.1 MPH)
Batting: RHB Ruben Cantu 0-0: Ball
1-0: Ball
2-0: Foul Ball, location: 2F
2-1: Foul Ball, location: 2F
2-2: Strikes out swinging
Batting: RHB Jimmy Geddes 0-0: Called Strike
0-1: Called Strike
0-2: Ball
1-2: Strikes out swinging, 2-3 out at first.
Bottom of the 5th over - 0 runs, 0 hits, 0 errors, 0 left on base; Ogden 6 - Billings 7
TOP OF THE 6TH
Ogden Raptors batting - Pitching for Billings Mustangs : RHP Finlay Clamp
Batting: RHB Gaylord Wray 0-0: Called Strike
0-1: Ball
1-1: Called Strike
1-2: Foul Ball, location: 2F
1-2: Strikes out swinging
Batting: SHB Javy Franco 0-0: Foul Ball, location: 2F
0-1: Swinging Strike
0-2: Ball
1-2: Ball
2-2: SINGLE (Line Drive, 4MD, EV 98.8 MPH)
Batting: SHB Erick Hamburger 0-0: Ball
Javy Franco steals 2nd base
1-0: Foul Ball, location: 2F
1-1: Foul Ball, location: 2F
1-2: Foul Ball, location: 2F
1-2: Fly out, F3 (Line Drive, 3, EV 73.8 MPH)
Batting: RHB Juan Gallegos 0-0: Called Strike
0-1: Foul Ball, location: 2F
0-2: Ball
1-2: Foul Ball, location: 2F
1-2: Strikes out swinging
Top of the 6th over - 0 runs, 1 hit, 0 errors, 1 left on base; Ogden 6 - Billings 7
BOTTOM OF THE 6TH
Billings Mustangs batting - Pitching for Ogden Raptors : RHP Francisco Guzman
Batting: SHB Gustavo Froio 0-0: Foul Ball, location: 2F
0-1: Foul Ball, location: 2F
0-2: Ball
1-2: Ball
2-2: Ball
3-2: Foul Ball, location: 2F
3-2: Strikes out looking
Batting: LHB Clint Hanninen 0-0: Ball
1-0: Called Strike
1-1: Ball
2-1: Swinging Strike
2-2: Foul Ball, location: 2F
2-2: Ball
3-2: Strikes out looking
Batting: RHB Will Trudeau 0-0: Ball
1-0: Ball
2-0: Ball
3-0: Base on Balls
Batting: LHB Armando Arellano 0-0: Ball
1-0: Called Strike
1-1: Ball
Will Trudeau is caught stealing 2nd base 2-6
Bottom of the 6th over - 0 runs, 0 hits, 0 errors, 0 left on base; Ogden 6 - Billings 7
TOP OF THE 7TH
Ogden Raptors batting - Pitching for Billings Mustangs : RHP Finlay Clamp
Batting: LHB Pedro Garza 0-0: Foul Ball, location: 2F
0-1: Foul Ball, location: 2F
0-2: Foul Ball, location: 2F
0-2: Foul Ball, location: 2F
0-2: Ball
1-2: SOLO HOME RUN (Flyball, 9D, EV 97.5 MPH), Distance : 379 ft
Batting: RHB Felipe Rivera 0-0: Called Strike
0-1: Swinging Strike
0-2: Foul Ball, location: 2F
0-2: Ball
1-2: Foul Ball, location: 2F
1-2: SOLO HOME RUN (Flyball, 9D, EV 101.9 MPH), Distance : 382 ft
Batting: LHB Fernão Manta 0-0: Ball
1-0: Foul Ball, location: 2F
1-1: Ball
2-1: Swinging Strike
2-2: Foul Ball, location: 2F
2-2: SOLO HOME RUN (Flyball, 78XD, EV 104.4 MPH), Distance : 390 ft
Pitching: RHP Tahir Montazeri
Batting: RHB Brad Brady 0-0: Foul Ball, location: 2F
0-1: Foul Ball, location: 2F
0-2: Foul Ball, location: 2F
0-2: SINGLE (Line Drive, 34, EV 97.5 MPH)
Batting: SHB Alex Noval 0-0: Ball
1-0: Ball
2-0: Foul Ball, location: 2F
2-1: Called Strike
2-2: Ball
3-2: Base on Balls
Brad Brady to second
Batting: RHB Gaylord Wray 0-0: Called Strike
0-1: Fielders Choice at 2nd, 6-4 (Groundball, 6M, EV 83.1 MPH)
Brad Brady to third
Batting: SHB Javy Franco 0-0: Ball
1-0: Fly out, F4 (Popup, 4M, EV 48.8 MPH)
Batting: SHB Erick Hamburger 0-0: Called Strike
0-1: Ball
1-1: Called Strike
1-2: Foul Ball, location: 2F
1-2: Ball
2-2: Fly out, F8 (Flyball, 8RS, EV 88.1 MPH)
Top of the 7th over - 3 runs, 4 hits, 0 errors, 2 left on base; Ogden 9 - Billings 7
BOTTOM OF THE 7TH
Billings Mustangs batting - Pitching for Ogden Raptors : RHP Francisco Guzman
Batting: LHB Armando Arellano 0-0: Called Strike
0-1: Swinging Strike
0-2: Foul Ball, location: 2F
0-2: Strikes out swinging
Batting: RHB Juan Oliveros 0-0: Called Strike
0-1: Ball
1-1: Ball
2-1: Ball
3-1: Foul Ball, location: 2F
3-2: Foul Ball, location: 2F
3-2: Strikes out swinging
Batting: RHB Alex Nagera 0-0: Foul Ball, location: 2F
0-1: Foul Ball, location: 2F
0-2: Strikes out swinging
Bottom of the 7th over - 0 runs, 0 hits, 0 errors, 0 left on base; Ogden 9 - Billings 7
TOP OF THE 8TH
Ogden Raptors batting - Pitching for Billings Mustangs : RHP Tahir Montazeri
Pitching: RHP Boboy Cacabelos
Batting: RHB Juan Gallegos 0-0: Ball
1-0: Ball
2-0: Called Strike
2-1: Ball
3-1: Base on Balls
Batting: LHB Pedro Garza 0-0: Ball
Passed Ball!
Juan Gallegos to second
1-0: Intentional Walk
Batting: RHB Felipe Rivera 0-0: Ball
1-0: Ball
2-0: Called Strike
2-1: DOUBLE (Flyball, 78XD, EV 106.9 MPH)
Juan Gallegos scores
Pedro Garza to third
Batting: LHB Fernão Manta 0-0: Intentional Walk
Batting: RHB Brad Brady 0-0: Foul Ball, location: 2F
0-1: Fly out, F7 (Flyball, 7, EV 91.2 MPH)
Batting: SHB Alex Noval 0-0: Swinging Strike
0-1: Swinging Strike
0-2: Ball
1-2: Grounds into fielders choice 6-2 (Groundball, 6, EV 86.9 MPH)
Felipe Rivera to third
Fernão Manta to second
Batting: RHB Gaylord Wray 0-0: Ball
1-0: Ball
2-0: Ball
3-0: Base on Balls
Felipe Rivera scores
Fernão Manta to third
Alex Noval to second
Pitching: RHP Eudaldo Cuyco
Batting: SHB Javy Franco 0-0: Called Strike
0-1: Ball
1-1: Called Strike
1-2: Ball
2-2: Ball
3-2: Base on Balls
Fernão Manta scores
Alex Noval to third
Gaylord Wray to second
Batting: SHB Erick Hamburger 0-0: Swinging Strike
0-1: Swinging Strike
0-2: Ball
1-2: Ball
2-2: Ball
3-2: Base on Balls
Alex Noval scores
Gaylord Wray to third
Javy Franco to second
Batting: RHB Juan Gallegos 0-0: Foul Ball, location: 2F
0-1: Ball
Passed Ball!
Gaylord Wray scores
Javy Franco to third
Erick Hamburger to second
1-1: Fly out, F9 (Line Drive, 89M, EV 105.6 MPH)
Top of the 8th over - 5 runs, 1 hit, 0 errors, 2 left on base; Ogden 14 - Billings 7
BOTTOM OF THE 8TH
Billings Mustangs batting - Pitching for Ogden Raptors : RHP Francisco Guzman
Batting: SHB Sal Esparza 0-0: Ball
1-0: Ball
2-0: Foul Ball, location: 2F
2-1: Ball
3-1: Base on Balls
Pitching: RHP Clyde Miller
Batting: RHB Ruben Cantu 0-0: Fly out, F7 (Flyball, 7LM, EV 85.0 MPH)
Pinch Hitting: RHB Rich Vanegas 0-0: Grounds into double play, 4-6-3 (Groundball, 4, EV 80.0 MPH)
Bottom of the 8th over - 0 runs, 0 hits, 0 errors, 0 left on base; Ogden 14 - Billings 7
TOP OF THE 9TH
Ogden Raptors batting - Pitching for Billings Mustangs : RHP Eudaldo Cuyco
Now at 1B: Rich Vanegas
Batting: LHB Pedro Garza 0-0: Called Strike
0-1: Called Strike
0-2: Strikes out swinging
Pitching: LHP Alec Valencia
Pinch Hitting: SHB Jason Todd 0-0: Called Strike
0-1: Foul Ball, location: 2F
0-2: Ball
1-2: Foul Ball, location: 2F
1-2: Ball
2-2: Ball
3-2: TRIPLE (Flyball, 89XD, EV 111.2 MPH)
Pinch Hitting: RHB Kekoa Kahele 0-0: Ground out 6-3 (Groundball, 6, EV 100.0 MPH)
Jason Todd scores
Pinch Hitting: SHB Jesus Gomez 0-0: Ball
1-0: Swinging Strike
1-1: Swinging Strike
1-2: Ball
2-2: Strikes out swinging
Top of the 9th over - 1 run, 1 hit, 0 errors, 0 left on base; Ogden 15 - Billings 7
BOTTOM OF THE 9TH
Billings Mustangs batting - Pitching for Ogden Raptors : RHP Clyde Miller
Now at 1B: Chad Rojas
Now at 3B: Jason Todd
Now in LF: Kekoa Kahele
Batting: SHB Gustavo Froio 0-0: Ball
1-0: Ball
2-0: Ball
3-0: Base on Balls
Batting: LHB Clint Hanninen 0-0: Ball
1-0: Called Strike
1-1: Foul Ball, location: 2F
1-2: Strikes out swinging
Batting: RHB Will Trudeau 0-0: Called Strike
0-1: Hit by Pitch
Gustavo Froio to second
Batting: LHB Armando Arellano 0-0: Fly out, F9 (Flyball, 9D, EV 103.1 MPH)
Runner from 2nd tags up, SAFE at 3rd, no throw by RF
Batting: RHB Juan Oliveros 0-0: Ball
1-0: Called Strike
1-1: Foul Ball, location: 2F
1-2: Ball
2-2: Foul Ball, location: 2F
2-2: Strikes out swinging, 2-3 out at first.
Bottom of the 9th over - 0 runs, 0 hits, 0 errors, 2 left on base; Ogden 15 - Billings 7
Sunday, July 16th , 2023 - OOTP Baseball 24.6 Build 69